[Event "ISR-ch Youth 2019"]
[Site "Jerusalem"]
[Date "2019.04.14"]
[Round "4.1"]
[White "Cohen Revivo, Shoham"]
[Black "Milikow, Yoav"]
[Result "0-1"]
[ECO "C18"]
[WhiteElo "2151"]
[BlackElo "2256"]
[Annotator "NA"]
[PlyCount "128"]
[EventDate "2019.04.11"]
[EventType "swiss"]
[EventCountry "ISR"]
[SourceTitle "playchess.com"]
[Source "ChessBase"]
[SourceQuality "1"]
[TimeControl "5400+30"]

1. e4 e6 2. d4 d5 3. Nc3 Bb4 4. e5 c5 5. a3 Bxc3+ 6. bxc3 Qa5 7. Bd2 Qa4 8. Qg4 Kf8 9. Bd3 {[%emt 0:06:02] C18: French: 3 Nc3 Bb4: Main line: 7 h4 and 7 Qg4} (9. h4 Nc6 10. h5 Qxc2 11. Rc1 Qe4+ 12. Qxe4 dxe4 13. Ne2 f5 14. g4 Nge7 15. gxf5 Nxf5 16. Bg2 h6 17. Bxe4 {1-0 (36) Grischuk,A (2771)-Tikkanen,H (2510) Astana 2019}) 9... c4 10. Be2 Qxc2 11. Rc1 $146 ({Predecessor:} 11. Nf3 Nc6 12. O-O Nge7 13. Rfc1 Qg6 14. Qf4 Na5 15. Bd1 Nb3 16. Bxb3 cxb3 {½-½ (35) Polishchuk,A (2197)-Edwards,K (2233) ICCF email 2009}) 11... Qa4 12. h4 Qxa3 13. Rh3 Nc6 14. Rg3 g6 15. Nh3 h5 16. Qf3 {[%emt 0:03:43] [#]} Nce7 $1 17. Rg5 Nf5 18. Rxf5 gxf5 19. Nf4 Nh6 20. Qxh5 Ke8 21. Qg5 Qe7 22. Qg7 Qf8 23. Qf6 Rh7 24. Nh5 Ng8 25. Qg5 ({But not} 25. Bg5 $2 Bd7 $19) 25... b5 26. Rb1 Rb8 27. Ra1 a6 28. Bc1 Rh8 29. Kf1 Kd7 30. Nf6+ Kc6 (30... Nxf6 $19 31. Qxf6 Rh7) 31. h5 Ne7 32. Ba3 Rb7 33. Bd6 Ra7 {[%emt 0:00:37] [#]} 34. Qc1 $1 Qd8 35. Qa3 Ng8 36. Nxg8 Rxg8 37. Qc5+ Kb7 38. Be7 Qb6 39. Qxb6+ Kxb6 40. Bf6 Bd7 41. h6 Raa8 42. h7 Rh8 43. Bxh8 Rxh8 44. Ke1 Rxh7 45. Kd2 a5 46. Rb1 f4 47. Bf3 Rh2 48. Kc2 Be8 49. Kd2 Bc6 50. Kc2 Bd7 51. Kd2 Be8 52. Ke2 f6 53. exf6 Rh6 54. g4 Rxf6 55. Rg1 Bg6 56. Kd2 b4 57. g5 Rf7 58. Rh1 b3 59. Kc1 a4 60. Rh6 Rg7 $19 61. Bh5 Bf5 62. Kb2 a3+ 63. Kxa3 Ra7+ 64. Kb2 Ra2+ 0-1

[Event "ISR-ch Youth 2019"]
[Site "Jerusalem"]
[Date "2019.04.14"]
[Round "4.2"]
[White "Globus, Or"]
[Black "Solomon, Asif"]
[Result "1-0"]
[ECO "E94"]
[WhiteElo "2346"]
[BlackElo "2126"]
[Annotator "NA"]
[PlyCount "71"]
[EventDate "2019.04.11"]
[EventType "swiss"]
[EventCountry "ISR"]
[SourceTitle "playchess.com"]
[Source "ChessBase"]
[SourceQuality "1"]
[TimeControl "5400+30"]

1. d4 Nf6 2. c4 g6 3. Nc3 Bg7 4. e4 d6 5. Nf3 O-O 6. Be2 e5 7. O-O exd4 8. Nxd4 Re8 {[%emt 0:00:03] LiveBook: 1672 Games} 9. f3 Nc6 10. Be3 Nh5 11. Qd2 Nf4 12. Bxf4 Nxd4 13. Rad1 $146 {[%emt 0:04:05] E94: King's Indian: Classical: 6 Be2 e5 7 0-0: Various Black 7th moves} ({Predecessor:} 13. Bd1 Be6 14. Ba4 Rf8 15. Bg5 f6 16. Bh4 c5 17. Ne2 Bxc4 18. Nxd4 cxd4 19. Rfd1 d3 {½-½ (19) Fedoseev,V (2664)-Kovalev,V (2560) Moscow 2016}) 13... Be6 14. b3 a6 15. Be3 c5 16. Bd3 Qa5 17. Ne2 Qa3 18. Nxd4 cxd4 19. Bf2 a5 20. Bb1 a4 21. Bxd4 axb3 22. Bxg7 bxa2 23. Ba1 Qc5+ 24. Kh1 axb1=Q 25. Rxb1 Rxa1 (25... Bxc4 $16 26. Rfd1 b5) 26. Rxa1 Bxc4 27. Rfd1 Rd8 $18 28. Qd4 Qc6 29. Rac1 b5 30. Qf6 Qc7 31. Rd4 Rd7 32. h3 d5 33. Rxd5 Rxd5 34. exd5 Qc5 35. d6 Qd5 36. Re1 1-0

[Event "ISR-ch Youth 2019"]
[Site "Jerusalem"]
[Date "2019.04.14"]
[Round "4.3"]
[White "Hoffmann, Yair"]
[Black "Shocron, Alon"]
[Result "1-0"]
[ECO "D02"]
[WhiteElo "2103"]
[BlackElo "1887"]
[Annotator "NA"]
[PlyCount "91"]
[EventDate "2019.04.11"]
[EventType "swiss"]
[EventCountry "ISR"]
[SourceTitle "playchess.com"]
[Source "ChessBase"]
[SourceQuality "1"]
[TimeControl "5400+30"]

1. d4 Nf6 2. Nf3 e6 3. Bf4 b6 4. e3 Bb7 5. Nbd2 $11 d5 6. Bd3 Bd6 7. Ne5 O-O 8. Bg3 c5 9. c3 Nc6 10. f4 Ne8 11. O-O f5 12. Ndf3 c4 13. Bc2 Nf6 14. Bh4 Ne7 15. h3 Qe8 16. g4 Ne4 17. Kh2 Ng6 18. Nxg6 Qxg6 19. Bxe4 fxe4 20. Ne5 Bxe5 21. dxe5 Bc6 22. Qd2 Qf7 23. Rg1 Qb7 24. Raf1 Rf7 25. Kh1 Bd7 26. Be1 b5 27. h4 a5 28. h5 Rb8 29. Qh2 b4 30. h6 g6 31. Rf2 Rc8 32. Rd2 bxc3 33. bxc3 Rb8 34. Bh4 Qa7 35. Qg3 Bc8 36. Rf1 Qc7 37. Rdf2 Kf8 38. Kh2 a4 39. Bf6 a3 40. f5 exf5 41. gxf5 Rxf6 42. fxg6 Rb2 43. g7+ Kg8 44. exf6 Qf7 45. Rxb2 axb2 46. Qe5 1-0

[Event "ISR-ch Youth 2019"]
[Site "Jerusalem"]
[Date "2019.04.14"]
[Round "4.4"]
[White "Musyuk, Lior"]
[Black "Mizrahi, Ido"]
[Result "0-1"]
[ECO "D02"]
[WhiteElo "2231"]
[BlackElo "1957"]
[Annotator "NA"]
[PlyCount "88"]
[EventDate "2019.04.11"]
[EventType "swiss"]
[EventCountry "ISR"]
[SourceTitle "playchess.com"]
[Source "ChessBase"]
[SourceQuality "1"]
[TimeControl "5400+30"]

1. d4 Nf6 2. Bf4 d5 3. e3 c5 4. Nf3 Nc6 5. c3 Qb6 6. b3 {[%emt 0:01:02] D02: 1 d4 d5 2 Nf3 sidelines, including 2...Nf6 3 g3 and 2...Nf6 3 Bf4} (6. Qb3 c4 7. Qc2 Bf5 8. Qc1 e6 9. Nbd2 Qd8 10. h3 h6 11. Be2 Be7 12. O-O O-O 13. Bd1 b5 14. Bc2 Bxc2 15. Qxc2 Bd6 16. Bxd6 Qxd6 17. e4 dxe4 18. Nxe4 Nxe4 19. Qxe4 Qd5 20. Qxd5 exd5 {1-0 (51) Nisipeanu,L (2674)-Parligras,M (2645) Bucharest 2018}) 6... Bf5 7. Bd3 Bxd3 8. Qxd3 e6 9. Nbd2 Rc8 10. h3 Be7 11. O-O O-O 12. Rfb1 $146 ({Predecessor:} 12. dxc5 Qxc5 13. b4 Qb6 {½-½ (39) Marek,M (2358)-Watson,J (2203) Burlingame 2019}) 12... Rfd8 13. a4 cxd4 14. exd4 a5 15. Re1 h6 16. g4 Nh7 17. h4 g5 18. hxg5 hxg5 19. Be5 Nf8 20. Kg2 f6 21. Bh2 Bd6 22. Bxd6 Rxd6 23. Nf1 Ne7 24. Ng3 Neg6 25. Nh5 Qd8 26. Rh1 Rd7 27. Qe3 Rf7 28. Rh2 Qc7 29. Rc1 Nf4+ 30. Nxf4 Qxf4 31. Qxf4 gxf4 32. Rh6 Kg7 33. Rh3 Rfc7 34. Nh4 Nh7 35. Rf3 Ng5 36. Rxf4 Rxc3 37. Rb1 Rh8 38. Rh1 Rxb3 39. f3 Rc8 40. Kg3 Ne4+ 41. Kh2 Rc2+ 42. Ng2 Nf2 43. Rf1 Nd3 44. Kg3 Rxg2+ 0-1

[Event "ISR-ch Youth 2019"]
[Site "Jerusalem"]
[Date "2019.04.14"]
[Round "4.5"]
[White "Vagman, Roy"]
[Black "Cohen, Elad"]
[Result "1/2-1/2"]
[ECO "C45"]
[WhiteElo "1959"]
[BlackElo "1828"]
[Annotator "NA"]
[PlyCount "112"]
[EventDate "2019.04.11"]
[EventType "swiss"]
[EventCountry "ISR"]
[SourceTitle "playchess.com"]
[Source "ChessBase"]
[SourceQuality "1"]
[TimeControl "5400+30"]

1. e4 e5 2. Nf3 Nc6 3. d4 exd4 4. Nxd4 Nf6 5. Nxc6 bxc6 6. Bd3 d5 7. exd5 cxd5 8. O-O Be7 9. Bf4 O-O 10. Nc3 Bd6 11. Qd2 Be6 12. Rfe1 Bxf4 13. Qxf4 c5 14. b3 Qa5 15. Ne2 Rac8 16. c4 Rfd8 17. Ng3 dxc4 18. Bxc4 Rd4 19. Qe5 Bxc4 20. bxc4 Rdd8 21. Red1 Re8 22. Qf4 Rcd8 23. Rxd8 Qxd8 24. h3 Qb8 25. Qg5 Qe5 26. Qxe5 Rxe5 27. Rb1 g6 28. Rb7 Re1+ 29. Kh2 Rc1 30. Rxa7 Rxc4 31. Nf1 Rc2 32. Kg1 Rc1 33. f3 c4 34. Kf2 Rc2+ 35. Kg3 Nh5+ 36. Kh2 Nf4 37. Ne3 Re2 38. Ra3 h5 39. h4 Rb2 40. Ra4 Re2 41. Ra3 f6 42. Kg1 Kg7 43. Kf1 Rb2 44. Ra7+ Kf8 45. Nxc4 Rxg2 46. a4 Ra2 47. a5 Nd5 48. Nd6 g5 49. Nf5 gxh4 50. Nxh4 Nb4 51. Ng6+ Ke8 52. f4 Nc6 53. Ra8+ Kf7 54. f5 Rxa5 55. Rxa5 Nxa5 56. Nf4 Nc4 1/2-1/2

[Event "ISR-ch Youth 2019"]
[Site "Jerusalem"]
[Date "2019.04.14"]
[Round "4.6"]
[White "Tsirilman, Guy"]
[Black "Neeman, Gal"]
[Result "1/2-1/2"]
[ECO "B42"]
[WhiteElo "1812"]
[BlackElo "1715"]
[Annotator "NA"]
[PlyCount "93"]
[EventDate "2019.04.11"]
[EventType "swiss"]
[EventCountry "ISR"]
[SourceTitle "playchess.com"]
[Source "ChessBase"]
[SourceQuality "1"]
[TimeControl "5400+30"]

1. e4 c5 2. Nf3 e6 3. d4 cxd4 4. Nxd4 a6 5. Bd3 {[%emt 0:00:24] LiveBook: 12749 Games} Nf6 $14 6. O-O Bc5 7. Nb3 Ba7 8. e5 Nd5 9. Qg4 g6 10. N1d2 Nc6 11. Ne4 O-O 12. Bg5 Nxe5 13. Qg3 f6 14. Nxf6+ Nxf6 15. Qxe5 Ng4 16. Bxd8 Nxe5 17. Be7 Rf7 18. Bc5 Nxd3 19. cxd3 Bxc5 20. Nxc5 Rf5 21. Ne4 Kg7 22. Rac1 Rd5 23. Rc3 b6 24. Rfc1 Bb7 25. f3 Rb8 26. Kf2 a5 27. Ke3 Ba6 28. d4 b5 29. Nc5 Rb6 30. Nxa6 Rxa6 31. Rc5 Rad6 32. Rxd5 Rxd5 33. Ke4 Kf6 34. g4 h5 35. h4 g5 36. hxg5+ Rxg5 37. gxh5 Rxh5 38. Rc5 Rxc5 39. dxc5 b4 40. b3 Kf7 41. Ke5 Ke7 42. f4 d6+ 43. cxd6+ Kd7 44. Ke4 Kxd6 45. Kd4 Kc6 46. Ke5 Kd7 47. Ke4 1/2-1/2

[Event "ISR-ch Youth 2019"]
[Site "Jerusalem"]
[Date "2019.04.14"]
[Round "4.7"]
[White "Ribstein, Orel"]
[Black "Sternfeld, Tomer"]
[Result "1-0"]
[ECO "E04"]
[WhiteElo "1708"]
[BlackElo "1152"]
[Annotator "NA"]
[PlyCount "63"]
[EventDate "2019.04.11"]
[EventType "swiss"]
[EventCountry "ISR"]
[SourceTitle "playchess.com"]
[Source "ChessBase"]
[SourceQuality "1"]
[TimeControl "5400+30"]

1. d4 Nf6 2. c4 e6 3. g3 d5 4. Nf3 dxc4 5. Bg2 b6 6. Ne5 Nd5 7. Qa4+ Nd7 8. O-O Bb7 9. e4 N5f6 10. Nc3 a6 11. Nc6 Qc8 12. e5 b5 13. Qc2 Nd5 14. Nxd5 Bxc6 15. Nf6+ gxf6 16. Bxc6 fxe5 17. dxe5 Ke7 18. Bg5+ f6 19. Bxd7 Kxd7 20. Bxf6 Rg8 21. Qxh7+ Bg7 22. Bxg7 Kc6 23. Qe4+ Kb6 24. Bh6 Rh8 25. Be3+ c5 26. b4 Qe8 27. Bxc5+ Kc7 28. Bd6+ Kd7 29. Qb7+ Kd8 30. Qxa8+ Kd7 31. Qb7+ Kd8 32. Qc7# 1-0

[Event "ISR-ch Youth 2019"]
[Site "Jerusalem"]
[Date "2019.04.14"]
[Round "4.8"]
[White "Ostrovsky Berman, Noam"]
[Black "Blumenthal, Michael"]
[Result "1/2-1/2"]
[ECO "B70"]
[WhiteElo "1545"]
[BlackElo "1277"]
[Annotator "NA"]
[PlyCount "83"]
[EventDate "2019.04.11"]
[EventType "swiss"]
[EventCountry "ISR"]
[SourceTitle "playchess.com"]
[Source "ChessBase"]
[SourceQuality "1"]
[TimeControl "5400+30"]

1. e4 c5 2. Nf3 Nc6 3. d4 cxd4 4. Nxd4 Nf6 5. Nc3 d6 6. g3 g6 7. Bg2 Nxd4 8. Qxd4 Bg7 9. Qa4+ Bd7 10. Qb3 Bc6 11. O-O O-O 12. Nd5 e6 13. Nc3 Nd7 14. Rd1 Nc5 15. Qc4 Qe7 16. Rb1 Rac8 17. Nb5 Bxb5 18. Qxb5 Rfd8 19. Qe2 b6 20. Be3 Rc7 21. c3 Rdc8 22. Qd2 Nb7 23. Bh3 Rd7 24. Qc2 Na5 25. Rd3 b5 26. Bd4 b4 27. Bxg7 Kxg7 28. Qa4 Nc6 29. cxb4 Ne5 30. Rc3 Rxc3 31. bxc3 Nf3+ 32. Kg2 Ng5 33. Qc2 Nxh3 34. Kxh3 Qf6 35. Kg2 Rc7 36. Rc1 d5 37. exd5 exd5 38. Qd3 Qc6 39. Rd1 d4+ 40. Qf3 Qxf3+ 41. Kxf3 dxc3 42. Rc1 1/2-1/2

[Event "ISR-ch Youth 2019"]
[Site "Jerusalem"]
[Date "2019.04.14"]
[Round "4.9"]
[White "Tadmor, Maya"]
[Black "Levitan, Ronit"]
[Result "1-0"]
[ECO "C30"]
[WhiteElo "1533"]
[BlackElo "2032"]
[Annotator "NA"]
[PlyCount "59"]
[EventDate "2019.04.11"]
[EventType "swiss"]
[EventCountry "ISR"]
[SourceTitle "playchess.com"]
[Source "ChessBase"]
[SourceQuality "1"]
[TimeControl "5400+30"]

1. e4 e5 2. Bc4 Nf6 3. d3 Bc5 4. Nc3 Nc6 5. f4 d6 6. Nf3 Bg4 7. Na4 Bb6 8. Nxb6 axb6 9. O-O O-O 10. c3 exf4 11. Bxf4 d5 12. exd5 Nxd5 13. Qd2 Nxf4 14. Qxf4 Qd7 $18 (14... Be6 $14) 15. Ng5 Nd8 16. Qe4 g6 17. h3 Be6 18. Qh4 h5 19. Ne4 Kg7 20. Qf6+ Kg8 21. Qg5 Kg7 22. Nf6 Qd6 23. Nxh5+ Kg8 24. Nf6+ Kg7 25. Ne4 Qd7 26. Qf6+ Kg8 27. Rf4 Ra5 28. Rh4 Rh5 29. Rxh5 gxh5 30. Qg5+ 1-0

[Event "ISR-ch Youth 2019"]
[Site "Jerusalem"]
[Date "2019.04.14"]
[Round "4.10"]
[White "Adlen, Noya"]
[Black "Almog, Shani"]
[Result "0-1"]
[ECO "A47"]
[WhiteElo "1253"]
[BlackElo "1362"]
[Annotator "NA"]
[PlyCount "106"]
[EventDate "2019.04.11"]
[EventType "swiss"]
[EventCountry "ISR"]
[SourceTitle "playchess.com"]
[Source "ChessBase"]
[SourceQuality "1"]
[TimeControl "5400+30"]

1. d4 e6 2. e3 Nf6 3. Nf3 b6 4. b3 Bb7 5. Nbd2 Be7 6. Bb2 c5 7. Bd3 Nc6 8. c4 cxd4 9. exd4 O-O 10. Nf1 Bb4+ 11. N1d2 Re8 12. O-O Rc8 13. a3 Bd6 14. b4 Ne7 15. Re1 Ng6 16. Rc1 Bf4 17. Rc2 Bc6 18. b5 Bb7 19. Nf1 Bd6 20. Ng3 Nf4 21. Bf1 Bb8 22. c5 Bd5 23. Rc3 bxc5 24. dxc5 Bc7 25. Rc1 Ba5 26. Bc3 Bxc3 27. Rxc3 Qa5 28. Qc1 Ng6 29. Nd4 Ne7 30. Bd3 Ba8 31. Nb3 Qc7 32. Qg5 h6 33. Qd2 Nfd5 34. Rc2 Nf4 35. Bf1 Ned5 36. Ne4 Rb8 37. Nd6 Rf8 38. g3 Ng6 39. Bg2 Nge7 40. Nd4 Nc8 41. Nxc8 Rfxc8 42. a4 Kh8 43. a5 Qd8 44. a6 Nc7 45. Bf1 Qf6 46. Qf4 Qg6 47. Rb2 Nd5 48. Qd2 Rxc5 49. Bd3 Qf6 50. Nb3 Rc3 51. Nc1 Nc7 52. Ne2 Qf3 53. Kf1 Qg2# 0-1

[Event "ISR-ch Youth 2019"]
[Site "Jerusalem"]
[Date "2019.04.14"]
[Round "4.11"]
[White "Gadasi, Noam"]
[Black "Shvartsburd, Rebekka"]
[Result "1-0"]
[ECO "E82"]
[WhiteElo "1653"]
[BlackElo "1173"]
[Annotator "NA"]
[PlyCount "85"]
[EventDate "2019.04.11"]
[EventType "swiss"]
[EventCountry "ISR"]
[SourceTitle "playchess.com"]
[Source "ChessBase"]
[SourceQuality "1"]
[TimeControl "5400+30"]

1. d4 Nf6 2. c4 g6 3. Nc3 Bg7 4. e4 d6 5. f3 O-O 6. Be3 b6 7. Nge2 c5 8. Qd2 Nbd7 9. d5 a6 10. Ng3 Rb8 11. Be2 Ne5 12. h3 Qc7 13. Rd1 h5 14. O-O h4 15. Nh1 Nh5 16. f4 Nd7 17. Bxh5 gxh5 18. Bf2 Bf6 19. Qe2 Kg7 20. Qxh5 Rh8 21. Qg4+ Kf8 22. Qf3 b5 23. cxb5 axb5 24. b3 Ba6 25. Ne2 c4 26. Bd4 Bxd4+ 27. Nxd4 Qb6 28. Kh2 cxb3 29. axb3 Rc8 30. Qf2 b4 31. Rfe1 Rc3 32. e5 dxe5 33. fxe5 Qg6 34. e6 Nf6 35. exf7 Qxf7 36. Ne6+ Kg8 37. Re5 Rg3 38. Ra1 Bc8 39. Ra8 Kh7 40. Rh5+ Qxh5 41. Nxg3 hxg3+ 42. Qxg3 Qxd5 43. Qg7# 1-0

[Event "ISR-ch Youth 2019"]
[Site "Jerusalem"]
[Date "2019.04.14"]
[Round "5.1"]
[White "Milikow, Yoav"]
[Black "Globus, Or"]
[Result "1/2-1/2"]
[ECO "E91"]
[WhiteElo "2256"]
[BlackElo "2346"]
[Annotator "NA"]
[PlyCount "69"]
[EventDate "2019.04.11"]
[EventType "swiss"]
[EventCountry "ISR"]
[SourceTitle "playchess.com"]
[Source "ChessBase"]
[SourceQuality "1"]
[TimeControl "5400+30"]

1. d4 Nf6 2. c4 g6 3. Nc3 Bg7 4. e4 d6 5. Be2 O-O 6. Be3 Nbd7 7. Nf3 a6 8. O-O c6 9. Qc2 b5 10. d5 cxd5 11. cxd5 Bb7 12. Nd4 $11 b4 13. Na4 Rc8 14. Nc6 Ne5 15. Nxd8 Rxc2 16. Bd1 Rc7 17. Nxb7 Rxb7 18. f3 Rc7 19. Bb6 Rcc8 20. Be2 Nfd7 21. Bf2 Nc4 22. Rac1 Nxb2 23. Nxb2 Bxb2 24. Rxc8 Rxc8 25. Bxa6 Rc2 26. Bd3 Rd2 27. Bb5 Nc5 28. Rb1 Rc2 29. Kf1 Ba3 30. Ra1 Bb2 31. Rb1 Ba3 32. Ra1 Bb2 33. Rb1 Ba3 34. Ra1 Bb2 35. Rb1 1/2-1/2

[Event "ISR-ch Youth 2019"]
[Site "Jerusalem"]
[Date "2019.04.14"]
[Round "5.2"]
[White "Lukin, Elisha"]
[Black "Zemach, Roee"]
[Result "0-1"]
[ECO "E46"]
[WhiteElo "2287"]
[BlackElo "2230"]
[Annotator "NA"]
[PlyCount "82"]
[EventDate "2019.04.11"]
[EventType "swiss"]
[EventCountry "ISR"]
[SourceTitle "playchess.com"]
[Source "ChessBase"]
[SourceQuality "1"]
[TimeControl "5400+30"]

1. d4 Nf6 2. c4 e6 3. Nc3 Bb4 4. e3 O-O 5. Nge2 c6 6. a3 Ba5 7. g3 d5 8. cxd5 exd5 9. Bg2 Bf5 10. Bd2 Bc7 11. f3 Re8 12. O-O Nbd7 13. Nf4 Nf8 14. Qb3 $15 Rb8 15. g4 Bg6 16. Nce2 Ne6 17. Nxg6 hxg6 18. Be1 c5 19. Rd1 Nxd4 20. Nxd4 cxd4 21. Rxd4 Bb6 22. Rd3 Qe7 23. Bf2 Rbd8 24. Re1 Qe6 25. g5 Nh5 26. Red1 Qe7 27. h4 d4 28. exd4 Nf4 29. Re3 Qd7 30. Bf1 Rxe3 31. Qxe3 Nd5 32. Qe4 Re8 33. Qg4 Qc6 34. Bd3 Ne3 35. Bxe3 Rxe3 36. Be4 Qc7 37. Kf2 Rb3 38. Rd2 Qh2+ 39. Ke1 Ba5 40. Qc8+ Kh7 41. Qc2 Re3+ 0-1

[Event "ISR-ch Youth 2019"]
[Site "Jerusalem"]
[Date "2019.04.14"]
[Round "5.3"]
[White "Mizrahi, Ido"]
[Black "Hoffmann, Yair"]
[Result "1/2-1/2"]
[ECO "B10"]
[WhiteElo "1957"]
[BlackElo "2103"]
[Annotator "NA"]
[PlyCount "81"]
[EventDate "2019.04.11"]
[EventType "swiss"]
[EventCountry "ISR"]
[SourceTitle "playchess.com"]
[Source "ChessBase"]
[SourceQuality "1"]
[TimeControl "5400+30"]

1. c4 c6 2. e4 d5 3. exd5 cxd5 4. cxd5 Nf6 5. Bb5+ Nbd7 6. Nf3 a6 7. Ba4 b5 8. Bb3 Bb7 9. O-O Nxd5 10. Nc3 N7f6 11. a4 b4 12. a5 e6 13. Nxd5 Nxd5 14. Ba4+ Ke7 15. d4 f6 16. Re1 Kf7 $16 17. Qe2 Nc7 18. Bf4 Bd6 19. Bxd6 Qxd6 20. Rac1 Nd5 21. Qe4 Rab8 22. Qg4 h5 23. Qg3 Qxg3 24. hxg3 Rbc8 25. Nd2 Rxc1 26. Rxc1 Rc8 27. Rxc8 Bxc8 28. Ne4 Ke7 29. Kf1 Nc7 30. Nc5 Kd6 31. Nd3 Kd5 32. Nxb4+ Kxd4 33. Ke2 Bb7 34. f3 g5 35. Bd7 Kc5 36. Nd3+ Kc4 37. Ba4 Kd4 38. Nb4 Kc5 39. Nd3+ Kd4 40. Nb4 Kc5 41. Nd3+ 1/2-1/2

[Event "ISR-ch Youth 2019"]
[Site "Jerusalem"]
[Date "2019.04.14"]
[Round "5.4"]
[White "Shocron, Alon"]
[Black "Yaniv, Yuval"]
[Result "1/2-1/2"]
[ECO "D30"]
[WhiteElo "1887"]
[BlackElo "2139"]
[Annotator "NA"]
[PlyCount "201"]
[EventDate "2019.04.11"]
[EventType "swiss"]
[EventCountry "ISR"]
[SourceTitle "playchess.com"]
[Source "ChessBase"]
[SourceQuality "1"]
[TimeControl "5400+30"]

1. Nf3 Nf6 2. c4 e6 3. g3 d5 4. d4 Bb4+ 5. Bd2 Bd6 6. Bg2 c6 7. Qc2 O-O 8. O-O Nbd7 9. Rd1 Ne4 10. Ne1 f5 11. f3 Nxd2 12. Nxd2 Qf6 13. Nb3 f4 14. g4 Qh4 15. Nd3 h5 16. h3 hxg4 17. fxg4 {[%emt 0:00:36] [#]} Nf6 $11 ({Resist} 17... Qg3 18. Nd2 $15) ({Much less strong is} 17... f3 18. exf3 Qg3 {[#]} 19. f4 $1 $15 ) (17... dxc4 $1 $17 18. Qxc4 Nb6) 18. Nd2 Qg3 19. Nf2 Qh4 20. Nf3 Qh7 21. Qxh7+ Kxh7 22. c5 Bc7 23. Re1 b6 24. Rac1 Bd7 25. Nd3 Rfb8 26. b3 Kg8 27. Nfe5 Be8 28. Nxf4 bxc5 29. Nxe6 Ba5 30. Rf1 cxd4 31. g5 Bd2 32. Rc2 Be3+ 33. Kh1 Ne4 34. Bxe4 dxe4 35. g6 Bxg6 36. Nxg6 Rb6 37. Rxc6 d3 38. exd3 exd3 39. Ne7+ Kh7 40. Nf8+ Kh8 41. Nfg6+ Kh7 42. Ne5 Re8 43. Rxb6 axb6 44. N7c6 d2 45. Kg2 Rf8 46. Nf3 Rc8 47. Nfe5 Rf8 48. Rd1 Rf2+ 49. Kg3 Re2 50. Nd3 Bh6 51. Nce5 Re3+ 52. Kg2 Re2+ 53. Nf2 Rxe5 54. Kf1 Ra5 55. a4 b5 56. Ne4 bxa4 57. bxa4 Rxa4 58. Nxd2 Rh4 59. Nf3 Rxh3 60. Kg2 Rh5 61. Kg3 Ra5 62. Rd3 Ra4 63. Rd4 Ra5 64. Rg4 Be3 65. Rh4+ Kg8 66. Re4 Bh6 67. Rg4 Kh7 68. Rh4 Kg6 69. Rc4 Ra3 70. Kg4 Kh7 71. Rb4 Ra5 72. Rc4 Ra2 73. Nh4 Ra1 74. Nf3 Ra6 75. Nh4 Ra5 76. Nf3 Rd5 77. Ra4 Rd1 78. Re4 Ra1 79. Rb4 Ra2 80. Nh4 Bd2 81. Rc4 Ba5 82. Rd4 Bc3 83. Rc4 Bf6 84. Rb4 g5 85. Nf3 Kg6 86. Rc4 Rg2+ 87. Kh3 Rb2 88. Kg4 Rb1 89. Ra4 Rb5 90. Rc4 Kf7 91. Kh5 Be7 92. Rg4 Rf5 93. Nxg5+ Kg7 94. Rg2 Kf6 95. Rg1 Bc5 96. Rg3 Bd6 97. Rf3 Bf4 98. Kg4 Rxg5+ 99. Kxf4 Rf5+ 100. Ke4 Rxf3 101. Kxf3 1/2-1/2

[Event "ISR-ch Youth 2019"]
[Site "Jerusalem"]
[Date "2019.04.14"]
[Round "5.5"]
[White "Cohen, Elad"]
[Black "Neeman, Gal"]
[Result "1-0"]
[ECO "B80"]
[WhiteElo "1828"]
[BlackElo "1715"]
[Annotator "NA"]
[PlyCount "93"]
[EventDate "2019.04.11"]
[EventType "swiss"]
[EventCountry "ISR"]
[SourceTitle "playchess.com"]
[Source "ChessBase"]
[SourceQuality "1"]
[TimeControl "5400+30"]

1. e4 c5 2. Nf3 e6 3. d4 cxd4 4. Nxd4 a6 5. Nc3 Qc7 6. g3 Nf6 7. Bg2 Nc6 8. O-O Be7 9. Re1 d6 10. Nxc6 bxc6 11. e5 dxe5 12. Rxe5 Qxe5 13. Bxc6+ Bd7 14. Bxa8 O-O 15. Bb7 Rd8 16. Qe2 Qxe2 17. Nxe2 Bb5 18. Nc3 Bc4 19. b3 Bb4 20. Bb2 Rd7 21. Bg2 Bxc3 22. Bxc3 Bd5 23. Rd1 Bxg2 24. Rxd7 Nxd7 25. Kxg2 f6 26. Kf3 Kf7 27. Ke4 Ke7 28. Bb4+ Kd8 29. Bd6 Kc8 30. c4 Kb7 31. c5 Kc6 32. Kd4 f5 33. b4 Nf6 34. Ke5 Nd5 35. a3 Kd7 36. Kd4 Kc6 37. Kc4 g5 38. a4 g4 39. b5+ Kb7 40. c6+ Kb6 41. Be5 axb5+ 42. axb5 Ne7 43. Bd4+ Kc7 44. Kc5 Ng6 45. b6+ Kc8 46. b7+ Kc7 47. Bc3 1-0

[Event "ISR-ch Youth 2019"]
[Site "Jerusalem"]
[Date "2019.04.14"]
[Round "5.6"]
[White "Shatil, Shir"]
[Black "Milikow, Elie"]
[Result "0-1"]
[ECO "A58"]
[WhiteElo "1682"]
[BlackElo "2199"]
[Annotator "NA"]
[PlyCount "54"]
[EventDate "2019.04.11"]
[EventType "swiss"]
[EventCountry "ISR"]
[SourceTitle "playchess.com"]
[Source "ChessBase"]
[SourceQuality "1"]
[TimeControl "5400+30"]

1. d4 Nf6 2. c4 c5 3. d5 b5 4. cxb5 a6 5. bxa6 g6 6. Nc3 Bg7 7. a7 Rxa7 8. e4 O-O 9. e5 Ne8 10. f4 d6 11. Nf3 Bg4 12. exd6 exd6 13. Be2 Bxf3 14. Bxf3 Bd4 15. Qc2 Ng7 16. Bd2 Re8+ $17 17. Ne2 Nf5 18. Kd1 Bg7 19. g4 Nh4 20. Rf1 Nxf3 21. Rxf3 Qh4 22. h3 Rae7 23. Be1 Qh6 24. g5 Qh5 25. Rf2 Bd4 26. Rh2 Qf3 27. Qc4 Bg1 0-1

[Event "ISR-ch Youth 2019"]
[Site "Jerusalem"]
[Date "2019.04.14"]
[Round "5.7"]
[White "Ostrovsky Berman, Noam"]
[Black "Ribstein, Orel"]
[Result "0-1"]
[ECO "B08"]
[WhiteElo "1545"]
[BlackElo "1708"]
[Annotator "NA"]
[PlyCount "92"]
[EventDate "2019.04.11"]
[EventType "swiss"]
[EventCountry "ISR"]
[SourceTitle "playchess.com"]
[Source "ChessBase"]
[SourceQuality "1"]
[TimeControl "5400+30"]

1. e4 d6 2. d4 Nf6 3. Nc3 g6 4. h3 Bg7 5. Nf3 O-O 6. Bg5 h6 7. Be3 c5 8. Bc4 Nc6 9. dxc5 Qa5 10. O-O dxc5 11. Nh4 Ne5 12. Be2 e6 13. f4 Rd8 14. Qc1 Nc6 15. Nf3 Nd4 16. Bd3 Kh7 17. Bxd4 cxd4 18. Ne2 Qc5 19. g4 Nxe4 20. Bxe4 d3+ 21. Rf2 dxe2 22. Qe1 Bxb2 23. Rb1 Bc3 24. Qxe2 Rb8 25. Kg2 b6 26. Rb5 Qc7 27. f5 Ba6 28. fxg6+ fxg6 29. Bxg6+ Kxg6 30. Qxe6+ Kg7 31. Ng5 Rf8 32. Rbf5 Rxf5 33. Qxf5 hxg5 34. Qxg5+ Kh8 35. Qh6+ Kg8 36. Qe6+ Kg7 37. g5 Bb7+ 38. Kf1 Ba6+ 39. Kg2 Bb7+ 40. Kf1 Rh8 41. g6 Rf8 42. Rxf8 Kxf8 43. Qf5+ Kg7 44. Qh5 Qc4+ 45. Kg1 Bd4+ 46. Kh2 Qc7+ 0-1